 Dungeon Crawl Stone Soup version 0.17-a0-2198-g482c6e3 (webtiles) character file.

42 Rationalist the Skirmisher (level 3, -2/29 HPs)
             Began as a Demonspawn Berserker on Oct 26, 2015.
             Was a Follower of Trog.
             Killed from afar by a white imp (14 damage)
             ... with a puff of frost
             ... summoned by Natasha
             ... on level 2 of the Dungeon.
             The game lasted 00:01:57 (1553 turns).

Rationalist the Skirmisher (Demonspawn Berserker)   Turns: 1553, Time: 00:01:57

Health: -2/29      AC:  2    Str: 17    XL:     3   Next: 35%
Magic:  3/3        EV: 12    Int:  8    God:    Trog [*.....]
Gold:   101        SH:  0    Dex: 13    Spells: 0 memorised, 2 levels left

rFire  . . .     SeeInvis .     a - +0 hand axe
rCold  . . .     Clarity  .     b - +0 animal skin
rNeg   . . .     SustAt   .     (no shield)
rPois  .         Gourm    .     (no helmet)
rElec  .         Spirit   .     (no cloak)
rCorr  .         Warding  .     (no gloves)
rMut   .         Stasis   .     (no boots)
MR     .....                    (no amulet)
Stlth  +.........               (no ring)
                                (no ring)

@: not resistant to hostile enchantments, very unstealthy
A: demonic guardian 1, powered by pain 1
a: Berserk, Burn Spellbooks, Renounce Religion


You were on level 2 of the Dungeon.
You worshipped Trog.
Trog was aware of your devotion.
You were not hungry.

You visited 1 branch of the dungeon, and saw 2 of its levels.

You collected 101 gold pieces.

Inventory:

Hand Weapons
 a - a +0 hand axe (weapon)
Armour
 b - a +0 animal skin (worn)
Jewellery
 n - a cursed ring of teleportation {unknown}
Scrolls
 h - a scroll of remove curse {unknown}
 j - 2 scrolls of random uselessness {unknown}
 k - a scroll of identify {unknown}
 m - a scroll of fear {unknown}
Potions
 d - a potion of resistance {unknown}
 e - 2 potions of might {unknown}
 g - a potion of heal wounds {unknown}
 i - 2 potions of agility {unknown}
 l - a potion of beneficial mutation {unknown}
Comestibles
 c - a bread ration
 f - 2 slices of pizza


   Skills:
 + Level 3.6 Fighting
 + Level 3.1 Axes
 + Level 1.8 Armour
 + Level 2.2 Dodging
 + Level 0.2 Stealth


You had 2 spell levels left.
You didn't know any spells.

Dungeon Overview and Level Annotations

Branches:
Dungeon (2/15)

Altars:

Annotations:
D:2 Natasha


Innate Abilities, Weirdness & Mutations

A weak demonic guardian rushes to your aid.
You sometimes gain a little power by taking damage.


Message History

The ooze barely misses you.
Your crimson imp completely misses the ooze.
You hit the ooze.
The ooze is heavily wounded.
The white imp barely misses your crimson imp.
The ooze barely misses you.
Your crimson imp hits the ooze.
You hit the ooze.
You kill the ooze!
Trog accepts your kill.
Your crimson imp barely misses the white imp.
The white imp closely misses you.
You barely miss the white imp. The shadow imp hits your crimson imp.
Your crimson imp hits the shadow imp but does no damage.
The white imp laughs crazily.
The white imp barely misses you. The shadow imp hits your crimson imp.
Your crimson imp blinks!
The white imp gestures at you. The puff of frost hits you!
You die...

#.#.# #.#.# #.#.#
#...# #######..# #
..?......# # #
........5####.# ####
........5#....# .. ..#
.......Kh#@########..
###.#
.........#5#......#..
#...#
........>5ยง#.........
#.#..
.........#........#.#
#.#.#
.......5.#.......)#.#
#.#.#
######+#.#........#.#
#.#.#
#.#....<..##.###.#.#
#.#....).........#.#
#.#..#...#.#.......#


You could see a white imp, a shadow imp and a friendly crimson imp.

Vanquished Creatures
  An adder (D:2)
  An ooze (D:2)
  A worm (D:2)
  A bat (D:2)
  A giant cockroach (D:2)
  2 hobgoblins
  3 quokkas (D:2)
  A giant newt (D:2)
  4 goblins
  6 kobolds
  4 rats
25 creatures vanquished.

Vanquished Creatures (others)
  4 toadstools (D:1)
4 creatures vanquished.

Grand Total: 29 creatures vanquished

Notes
Turn   | Place    | Note
--------------------------------------------------------------
     0 | D:1      | Rationalist the Demonspawn Berserker began the quest for the Orb.
     0 | D:1      | Reached XP level 1. HP: 18/18 MP: 1/1
   167 | D:1      | Gained mutation: You sometimes gain a little power by taking damage. [demonic ancestry]
   167 | D:1      | Reached XP level 2. HP: 20/24 MP: 2/2
  1131 | D:2      | Gained mutation: A weak demonic guardian rushes to your aid. [demonic ancestry]
  1131 | D:2      | Reached XP level 3. HP: 24/29 MP: 3/3
  1531 | D:2      | Noticed Natasha
  1553 | D:2      | Killed from afar by a white imp

Vault maps used:
D:1:      ldierk_walled_garden_2
D:2:      first_bread, uniq_natasha, uniq_terence

Action                   || total
-------------------------++-------
Melee: Hand axe          ||    78
Invok: Berserk           ||     2
       Burn Spellbooks   ||     1
 Stab: Sleeping          ||     1
  Eat: Chunk             ||     4
